 Dungeon Crawl Stone Soup version 0.13.0-19-g8e0b589 (webtiles) character file.

301 Malachi the Cudgeler (level 5, -4/46 HPs)
             Began as a Ghoul Fighter on Oct 24, 2013.
             Slain by a centaur (7 damage)
             ... on Level 3 of the Dungeon.
             The game lasted 00:03:35 (2514 turns).

Malachi the Cudgeler (Ghoul Fighter)                Turns: 2514, Time: 00:03:35

HP  -4/46        AC  7     Str 21      XL: 5   Next: 51%
MP   3/3         EV  6     Int  3      God:
Gold 131         SH 17     Dex  8      Spells:  0 memorised,  4 levels left

Res.Fire  : . . .   See Invis. : .   a - +0 mace
Res.Cold  : + . .   Warding    : .   b - +0 scale mail
Life Prot.: + + +   Conserve   : .   c - +0 shield
Res.Poison: +       Res.Corr.  : .   (no helmet)
Res.Elec. : .       Clarity    : .   (no cloak)
Sust.Abil.: . .     Spirit.Shd : .   m - +0 pair of gauntlets (curse)
Res.Mut.  : .       Stasis     : .   (no boots)
Res.Rott. : +       Flight     : .   (no amulet)
Saprovore : + + +                    (no ring)
                                     (no ring)

@: rotting, slightly resistant to hostile enchantments, extremely unstealthy
A: rotting body, claws 1, carnivore 3, cold resistance 1, life protection 3,
poison resistance, saprovore 3, slow healing 1, torment resistance, unbreathing
a: no special abilities


You were on level 3 of the Dungeon.
You were not hungry.

You visited 1 branch of the dungeon, and saw 3 of its levels.

You collected 111 gold pieces.

Inventory:

Hand weapons
 a - a +0,+0 mace (weapon)
Armour
 b - a +0 scale mail (worn)
 c - a +0 shield (worn)
 m - a cursed +0 pair of gauntlets (worn)
Magical devices
 k - a wand of flame (13)
Comestibles
 n - 4 chunks of orc flesh
 s - 2 meat rations
Scrolls
 e - a scroll of curse jewellery {unknown}
 f - 2 scrolls of blinking {unknown}
 h - 3 scrolls of identify {unknown}
 j - a scroll of enchant weapon II {unknown}
 l - a scroll of recharging {unknown}
 r - a scroll of random uselessness {unknown}
 t - a scroll of noise {unknown}
Potions
 d - a potion of resistance {unknown}
 g - 2 potions of heal wounds {unknown}
 i - 5 potions of might {unknown}
 o - 2 potions of curing {unknown}
 q - a potion of degeneration {unknown}


   Skills:
 - Level 3.2 Fighting
 * Level 4.7 Maces & Flails
 - Level 2.7 Armour
 - Level 0.6 Dodging
 - Level 0.5 Stealth
 - Level 2.7 Shields
 + Level 0.2 Evocations


You had 4 spell levels left.
You didn't know any spells.

Dungeon Overview and Level Annotations

Branches:
Dungeon (3/27)

Altars:


Innate Abilities, Weirdness & Mutations

Your body is rotting away.
You have sharp fingernails.
You are carnivorous and can eat meat at any time.
Your flesh is cold resistant.
You are immune to negative energy.
Your system is resistant to poisons.
You thrive on rotten meat.
You heal slowly.
You are immune to unholy pain and torment.
You can survive without breathing.


Message History

You are too injured to fight recklessly!
You are too injured to fight recklessly!
You are too injured to fight recklessly!
Eat one of 2 chunks of hobgoblin flesh? (ye/n/q/i?) This raw flesh tastes delicious!
The centaur hits you!
* * * LOW HITPOINT WARNING * * *
You block the centaur's attack.
You continue eating.
You block the centaur's attack.
You continue eating.
The centaur hits you but does no damage.
You block the centaur's attack.
Your shield prevents you from hitting the centaur.
The centaur is severely wounded.
The centaur hits you.
* * * LOW HITPOINT WARNING * * *
The centaur closely misses you.
Eat a chunk of hobgoblin flesh? (ye/n/q/i?) This raw flesh tastes delicious!
The centaur hits you!
You die...

#..........#..##.#
#.###.....#.......
#.###....#.###.#..
#.##....##.# #....
#.#....#.#.###.##.
#.#.......#...###.
#.#.######.#### #.
#c#.#####.#.#####.
#@#......###[..##.
#.#..####.#.##....
#.(........######.
###........# #.
#..#####.######.
#...............
##.#####.######.
#.# #.# ## #.# #.#


You could see a centaur.

Vanquished Creatures
  An iguana (D:3)
  4 gnolls (D:2)
  4 adders (D:2)
  A worm (D:2)
  2 giant geckos
  5 orcs (D:3)
  5 bats
  A giant cockroach (D:2)
  10 goblins
  7 hobgoblins
  4 jackals (D:2)
  A ball python (D:2)
  3 giant newts
  8 kobolds
  3 rats
59 creatures vanquished.

Notes
Turn   | Place    | Note
--------------------------------------------------------------
     0 | D:1      | Malachi, the Ghoul Fighter, began the quest for the Orb.
     0 | D:1      | Reached XP level 1. HP: 19/19 MP: 0/0
   179 | D:1      | Reached XP level 2. HP: 26/26 MP: 1/1
   868 | D:2      | Reached XP level 3. HP: 33/33 MP: 2/2
  1688 | D:2      | Reached XP level 4. HP: 22/38 MP: 2/2
  1938 | D:2      | Reached skill level 4 in Maces & Flails
  1993 | D:2      | Reached XP level 5. HP: 46/46 MP: 3/3
  2495 | D:3      | Noticed a centaur
  2513 | D:3      | HP: 1/46 [centaur (6)]
  2514 | D:3      | Slain by a centaur

Action                   |  1- 3 |  4- 6 || total
-------------------------+-------+-------++-------
Melee: Mace              |   116 |   119 ||   235
Evoke: Wand              |       |     1 ||     1
